 Dungeon Crawl Stone Soup version 0.24.0-13-gcf9b319 (webtiles) character file.

Game seed: 9914574271739373623, levelgen mode: deterministic

6640 qdestroyer the Basher (level 10, -2/91 HPs)
             Began as a Minotaur Fighter on Nov 26, 2019.
             Was a Priest of Yredelemnul.
             Slain by a crocodile (4 damage)
             ... while petrified by a basilisk
             ... on level 9 of the Dungeon on Dec 3, 2019.
             The game lasted 00:17:16 (7615 turns).

qdestroyer the Basher (Minotaur Fighter)            Turns: 7615, Time: 00:17:16

Health: -2/91      AC: 13    Str: 24    XL:     10   Next: 72%
Magic:  9/9        EV:  2    Int:  5    God:    Yredelemnul [***...]
Gold:   371        SH:  0    Dex: 10    Spells: 9/9 levels left

rFire    . . .     SeeInvis .   a - +1 flail
rCold    . . .     Gourm    .   c - +2 shield
rNeg     + + +     Faith    .   q - +0 plate armour
rPois    ∞         Spirit   .   (helmet restricted)
rElec    .         Reflect  .   (no cloak)
rCorr    .         Harm     .   (no gloves)
MR       .....                  (no boots)
Stlth    ..........             (no amulet)
HPRegen  0.25/turn              (no ring)
MPRegen  0.11/turn              (no ring)

@: petrified
A: retaliatory headbutt, horns 2
a: Recall Undead Slaves, Injury Mirror, Animate Dead, Renounce Religion


You were on level 9 of the Dungeon.
You worshipped Yredelemnul.
Yredelemnul was most pleased with you.
You were not hungry.

You visited 2 branches of the dungeon, and saw 10 of its levels.
You also visited: Sewer and Ossuary.

You collected 371 gold pieces.

Inventory:

Hand Weapons
 a - a +1 flail (weapon)
Armour
 c - a +2 shield (worn)
 k - a +0 large shield
 q - a +0 plate armour (worn)
Wands
 m - a wand of acid (5)
 v - a wand of disintegration (9)
 y - a wand of flame (13)
 z - a wand of iceblast (15)
Scrolls
 b - 2 scrolls of fog
 s - 11 scrolls of teleportation
 t - 4 scrolls of remove curse
 u - 2 scrolls of enchant weapon
 x - 3 scrolls of identify
Potions
 d - a potion of agility
 e - 11 potions of mutation
 g - 4 potions of ambrosia
 h - a potion of heal wounds
 i - 3 potions of haste
 j - 5 potions of brilliance
 l - 3 potions of lignification
 n - 2 potions of might
 o - 9 potions of flight
 p - a potion of invisibility
 r - a potion of curing
 w - a potion of resistance
Comestibles
 f - 18 rations


   Skills:
 + Level 9.1 Fighting
 + Level 12.2 Maces & Flails
 + Level 8.4 Armour
 + Level 2.4 Dodging
 + Level 1.0 Stealth
 + Level 10.5 Shields


You had 9 spell levels left.
You didn't know any spells.
Your spell library contained the following spells:

 Spells                   Type           Power        Failure   Level  Hunger
 Freeze                   Ice            #...         100%        1    ##.....
 Throw Frost              Conj/Ice       #.....       100%        2    ###....
 Ozocubu's Armour         Chrm/Ice       #.......     100%        3    ####...
 Summon Ice Beast         Ice/Summ       #.......     100%        4    #####..
 Throw Icicle             Conj/Ice       #.......     100%        4    #####..


Dungeon Overview and Level Annotations

Branches:
Dungeon (9/15)             Temple (1/1) D:4             Orc (0/2) D:9
  Sewer (visited)         Ossuary (visited)
   Lair: D:8-11

Altars:
Cheibriados
Dithmenos
Elyvilon
Fedhas
Gozag
Hepliaklqana
Kikubaaqudgha
Makhleb
Nemelex Xobeh
Qazlal
Ru
Sif Muna
Trog
Vehumet
Xom
Yredelemnul
Zin
The Shining One

Shops:
D:4 =

Portals:
Bailey: D:9


Innate Abilities, Weirdness & Mutations

You reflexively headbutt those who attack you in melee.
You have a pair of horns on your head.


Message History

The basilisk gazes at you. You resist with some effort.
You have turned to stone.
The crocodile bites you.
The basilisk bites you but does no damage.
The crocodile bites you.
* * * LOW HITPOINT WARNING * * *
The basilisk bites you. The crocodile bites you.
* * * LOW HITPOINT WARNING * * *
The basilisk gazes at you. The crocodile bites you!
* * * LOW HITPOINT WARNING * * *
The basilisk bites you!
* * * LOW HITPOINT WARNING * * *
The crocodile bites you!
* * * LOW HITPOINT WARNING * * *
The basilisk bites you but does no damage.
The crocodile bites you!
You die...
Your body rises from the dead as a mindless zombie.

#.... ## #..).
#######..
#.)∩..#.........
#.....#..........
#.....#..).......
.................
.l..#t......>...
####..#@.........
?.....l..........
.###.............
.....##..........
.. ..###
###.##.##.##.. .
#)# ....... #)#
#... ##)#####.#
##.)......# .


You could see a basilisk and a crocodile.

Vanquished Creatures
  Harold (D:7)
  A hydra (D:8)
  Prince Ribbit (D:8)
  2 dream sheep (D:8)
  2 yaks (D:8)
  A warg (D:9)
  2 water moccasins (D:7)
  A porcupine (D:9)
  3 black bears
  2 orc warriors
  An ice beast (D:9)
  2 necrophages (D:8)
  A wolf (D:9)
  6 ogres
  2 centaurs
  2 crocodiles (D:9)
  4 big kobolds
  Blork the orc (D:6)
  A gnoll sergeant (D:5)
  2 bullfrogs
  3 scorpions
  A water moccasin skeleton (D:7)
  4 killer bees (D:9)
  3 howler monkeys
  2 crimson imps
  2 human zombies (Ossuary)
  5 hounds
  A bullfrog skeleton (D:7)
  A centaur skeleton (D:7)
  7 orc wizards
  6 orc priests
  Jessica (D:3)
  8 worker ants
  2 hound zombies
  3 mummies (Ossuary)
  A worker ant zombie (D:7)
  9 gnolls
  13 adders
  3 shadow imps
  3 oozes
  An adder zombie (D:5)
  An adder skeleton (D:9)
  6 worms
  2 dart slugs (D:2)
  6 leopard geckos
  29 orcs
  9 bats
  4 giant cockroaches
  9 goblins
  7 hobgoblins
  9 jackals
  2 quokkas
  2 ball pythons (Sewer)
  11 frilled lizards
  2 gnoll zombies (Ossuary)
  A goblin zombie (Ossuary)
  2 hobgoblin zombies (Ossuary)
  13 kobolds
  A kobold zombie (Ossuary)
  A leopard gecko skeleton (D:4)
  A quokka skeleton (D:5)
  9 rats
244 creatures vanquished.

Notes
Turn   | Place    | Note
-------+----------+-------------------------------------------
     0 | D:1      | qdestroyer the Minotaur Fighter began the quest for the
                  | Orb.
     0 | D:1      | Reached XP level 1. HP: 19/19 MP: 0/0
    69 | D:1      | Reached XP level 2. HP: 13/27 MP: 1/1
   327 | D:1      | Reached XP level 3. HP: 28/33 MP: 2/2
   334 | D:1      | Reached skill level 3 in Maces & Flails
   597 | D:2      | Found a sacrificial altar of Ru.
   971 | D:2      | Reached XP level 4. HP: 41/41 MP: 3/3
  1512 | D:3      | Noticed Jessica
  1519 | D:3      | Reached skill level 4 in Maces & Flails
  1519 | D:3      | Reached XP level 5. HP: 33/47 MP: 4/4
  1524 | D:3      | Killed Jessica
  1524 | D:3      | Reached skill level 1 in Dodging
  1544 | D:3      | Found a glowing drain.
  1568 | Sewer    | Entered a sewer
  1909 | D:3      | Reached skill level 5 in Shields
  2507 | D:4      | Reached XP level 6. HP: 48/53 MP: 5/5
  2523 | D:4      | Found a staircase to the Ecumenical Temple.
  2534 | D:4      | Reached skill level 1 in Stealth
  2549 | D:4      | Reached skill level 5 in Fighting
  2560 | Temple   | Entered the Ecumenical Temple
  2621 | Temple   | Became a worshipper of Yredelemnul the Dark
  2701 | D:4      | Found Opedghask's Jewellery Emporium.
  2750 | D:4      | Reached skill level 5 in Maces & Flails
  3028 | D:4      | Reached skill level 5 in Armour
  3028 | D:4      | Reached XP level 7. HP: 19/61 MP: 6/6
  3313 | D:5      | Entered Level 5 of the Dungeon
  3319 | D:4      | Reached skill level 6 in Maces & Flails
  3838 | D:5      | Reached skill level 7 in Maces & Flails
  3926 | D:5      | Reached XP level 8. HP: 70/70 MP: 7/7
  3952 | D:5      | Reached * piety under Yredelemnul
  4239 | D:6      | Found a burning altar of Makhleb.
  4270 | D:6      | Found a sand-covered staircase.
  4283 | Ossuary  | Entered an ossuary
  4452 | Ossuary  | Reached skill level 8 in Maces & Flails
  4616 | D:6      | Noticed Blork the orc
  4637 | D:6      | Killed Blork the orc
  4981 | D:6      | Found a bloodstained altar of Trog.
  4982 | D:6      | Found a stormy altar of Qazlal.
  4982 | D:6      | Found a glowing golden altar of the Shining One.
  4983 | D:6      | Found a white marble altar of Elyvilon.
  5198 | D:7      | Reached skill level 9 in Maces & Flails
  5315 | D:7      | Noticed Harold
  5331 | D:7      | Killed Harold
  5331 | D:7      | Reached XP level 9. HP: 36/79 MP: 8/8
  5529 | D:7      | Reached skill level 10 in Maces & Flails
  5763 | D:7      | Reached ** piety under Yredelemnul
  6031 | D:8      | Found a sparkling altar of Nemelex Xobeh.
  6071 | D:8      | Noticed Prince Ribbit
  6421 | D:8      | Killed Prince Ribbit
  6421 | D:8      | Reached skill level 11 in Maces & Flails
  6670 | D:8      | Reached XP level 10. HP: 59/88 MP: 9/9
  6722 | D:8      | Reached *** piety under Yredelemnul
  6943 | D:8      | Noticed a two-headed hydra
  6958 | D:8      | Killed a two-headed hydra
  7186 | D:8      | Found a shadowy altar of Dithmenos.
  7240 | D:8      | Reached skill level 12 in Maces & Flails
  7490 | D:9      | Reached skill level 10 in Shields
  7521 | D:9      | Found a staircase to the Orcish Mines.
  7582 | D:9      | Found a flagged portal.
  7605 | D:9      | HP: 4/91 [basilisk (4)]
  7605 | D:9      | HP: 1/91 [crocodile (3)]
  7614 | D:9      | HP: 2/91 [crocodile (7)]
  7615 | D:9      | Slain by a crocodile

Levels and vault maps discovered:
D:1:      lightli_arrival_lavapool, layout_basic, minmay_nonomino_d4
D:2:      minmay_diamond_boxcup, layout_loops_ring, nicolae_ru_awakened_eye
D:3:      layout_loops_cross, gup_sewer_entry_glass, uniq_jessica
D:4:      layout_loops_ring, minmay_temple_entry_proselytizer, serial_shops,
          shop, first_ration
D:5:      layout_rooms
D:6:      layout_basic, chequers_temple_overflow_statue_of_worship,
          chequers_ossuary_entry_cave, basic_altar, uniq_blork_the_orc
D:7:      layout_loops_ring, uniq_harold
D:8:      layout_gridville, nemelex_xobeh_ov_fountains_minmay, hangedman_ranch
          [blue_anna_fruit_fields], lemuel_statue_altar, uniq_prince_ribbit1
D:9:      layout_rooms, gammafunk_temple_overflow_arena,
          minmay_lair_entry_grove, david_orc_3, enter_bailey_2,
          grunt_decor_clamped
Temple:   kb_temple_of_zot

Skill      XL: |  1  2  3  4  5  6  7  8  9 10 |
---------------+-------------------------------+-----
Fighting       | 4 5 6 7 9 |  9.1
Shields        | 4 5 6 8 9 10 | 10.5
Maces & Flails | 3 4 5 7 9 11 12 | 12.2
Armour         | 4 5 6 7 8 |  8.4
Dodging        | 1 2 |  2.4
Stealth        | 1 |  1.0

Action                   |  1- 3 |  4- 6 |  7- 9 | 10-12 || total
-------------------------+-------+-------+-------+-------++-------
Melee: Flail             |   112 |   185 |   415 |   138 ||   850
       Headbutt          |    16 |    21 |    86 |    23 ||   146
  Use: Scroll            |     4 |     6 |    15 |       ||    25
       Potion            |       |     1 |       |     5 ||     6
  Eat: Ration            |       |     1 |     3 |     1 ||     5
       Chunk             |       |     4 |     2 |     1 ||     7
Armor: Scale mail        |    52 |     4 |       |       ||    56
       Plate armour      |       |   119 |   147 |    71 ||   337
Dodge: Dodged            |    41 |    29 |    60 |    28 ||   158
Block: Shield            |    83 |   152 |   249 |   115 ||   599
